 Dungeon Crawl Stone Soup version 0.31.0-12-g77e489cdc1 (webtiles) character file.

Game seed: 7618586411695219599

3990 dovinsCheeto the Cleaver (level 10, -2/81 HPs)
             Began as a Minotaur Fighter on Feb 12, 2024.
             Was a Priest of Makhleb.
             Shot with an arrow by a centaur (10 damage)
             ... on level 8 of the Dungeon.
             The game lasted 01:31:55 (9549 turns).

dovinsCheeto the Cleaver (Minotaur Fighter)         Turns: 9549, Time: 01:31:55

Health: -2/81      AC:  9    Str: 25    XL:     10   Next: 3%
Magic:  9/9        EV: 10    Int:  5    God:    Makhleb [***...]
Gold:   412        SH:  6    Dex: 10    Spells: 9/9 levels left

rFire   + . .        i - +2 war axe (drain)
rCold   + . .        c - +1 buckler
rNeg    . . .        n - +2 ring mail {rC+}
rPois   .            o - +1 hat
rElec   .            (no cloak)
rCorr   .            (no gloves)
SInv    .            (no boots)
Will    +....        (no amulet) Stlth
                     j - ring of protection from fire
HPRegen 0.33/turn    k - ring of willpower
MPRegen 0.11/turn

%: no passive effects
@: no status effects
A: horns 2, retaliatory headbutt
a: Renounce Religion, Minor Destruction, Lesser Servant of Makhleb


You were on level 8 of the Dungeon.
You worshipped Makhleb.
Makhleb was most pleased with you.
You visited 2 branches of the dungeon, and saw 9 of its levels.

You collected 412 gold pieces.

Inventory:

Hand Weapons
 d - a +4 mace
 i - a +2 war axe of draining (weapon)
Missiles
 e - 20 stones
 f - a throwing net
 q - 11 poisoned darts
Armour
 c - a +1 buckler (worn)
 n - a +2 ring mail of cold resistance (worn)
 o - a +1 hat (worn)
Jewellery
 b - a ring of resist corrosion
 j - a ring of protection from fire (left hand)
 k - a ring of willpower (right hand)
Wands
 p - a wand of polymorph (10)
Scrolls
 m - a scroll of revelation
Potions
 a - a potion of magic
 l - a potion of mutation
 r - a potion of enlightenment
 t - a potion of resistance


   Skills:
 - Level 5.0 Fighting
 + Level 10.1(11.7) Axes
 - Level 9.2(11.2) Maces & Flails
 - Level 8.1 Armour
 - Level 8.1 Shields


You had 9 spell levels left.
You didn't know any spells.
Your spell library contained the following spells:

 Spells                   Type           Power      Damage    Failure   Level
 Magic Dart               Conj           0%         1d3       65%         1
 Sting                    Conj/Alch      0%         1d3       65%         1
 Blink                    Tloc           0%         N/A       80%         2
 Call Imp                 Summ           0%         N/A       80%         2
 Mercury Vapours          Alch/Air       0%         N/A       80%         2
 Frozen Ramparts          Ice            0%         1d1       95%         3
 Hailstorm                Conj/Ice       0%         3d5       95%         3
 Summon Ice Beast         Ice/Summ       0%         N/A       95%         3
 Animate Armour           Summ/Erth      0%         N/A       100%        4
 Leda's Liquefaction      Alch/Erth      0%         N/A       100%        4
 Olgreb's Toxic Radiance  Alch           0%         N/A       100%        4
 Petrify                  Alch/Erth      0%         N/A       100%        4
 Summon Lightning Spire   Summ/Air       0%         N/A       100%        4
 Vhi's Electric Charge    Tloc/Air       0%         N/A       100%        4
 Arcjolt                  Conj/Air       0%         1d10      100%        5
 Lee's Rapid Deconstruct  Erth           0%         3d4*      100%        5
 Metabolic Englaciation   Hex/Ice        0%         N/A       100%        5
 Sculpt Simulacrum        Ice/Alch       0%         N/A       100%        6
 Maxwell's Capacitive Co  Air            0%         ∞         100%        8


Dungeon Overview and Level Annotations

Branches:
Dungeon (8/15)             Temple (1/1) D:7
   Lair: D:8-11

Altars:
Cheibriados
Dithmenos
Elyvilon
Fedhas
Gozag
Hepliaklqana
Kikubaaqudgha
Makhleb
Nemelex Xobeh
Okawaru
Qazlal
Sif Muna
Trog
Uskayaw
Vehumet
Xom
Yredelemnul
Zin
The Shining One


Innate Abilities, Weirdness & Mutations

You have a pair of horns on your head.
You reflexively headbutt those who attack you in melee.


Message History

The wolf bites you.
* * * LOW HITPOINT WARNING * * *
Grum attacks as he pursues you! Grum closely misses you.
Grum lets out an intimidating howl.
The wolf bites you.
* * * LOW HITPOINT WARNING * * *
There are monsters nearby!
As you read the scroll of immolation, it crumbles to dust.
The creatures around you are filled with an inner flame!
You block the wolf's attack.
You slice the wolf!!
Flame seeps out of the wolf.
You drain the wolf! Makhleb accepts your kill.
You feel better.
The wolf explodes!
The fiery explosion engulfs Grum!!!
Makhleb accepts your kill.
You feel better. The fiery explosion engulfs you. You resist.
* * * LOW HITPOINT WARNING * * *
Grum explodes!
The fiery explosion engulfs the wolf!!
Makhleb accepts your kill.
You feel better.
The fiery explosion engulfs the centaur!!!
Makhleb accepts your kill.
The fiery explosion engulfs the wolf!!
Makhleb accepts your kill.
The wolf explodes!
The centaur explodes!
The wolf explodes!
You hear a shout!
The centaur unwields a +0 short sword.
The centaur wields a +0 shortbow.
The centaur shoots an arrow.
You block the arrow.
Your base Axes skill increases to level 10!
You have reached level 10!
The centaur shoots an arrow.
The arrow barely misses you.
The centaur shoots an arrow.
The arrow hits you.
* * * LOW HITPOINT WARNING * * *
The centaur shoots an arrow.
The arrow hits you.
* * * LOW HITPOINT WARNING * * *
The centaur shoots an arrow.
The arrow hits you but does no damage.
The centaur shoots an arrow.
The arrow hits you!
You die...

#...# ..... ####.#.≈.§≈≈≈
#...# ..... #......§§§§..
#...# #.....# #..#.#.≈.§§_.
##.## #..#.#...≈...
#c######### #..#.#.≈.≈≈≈≈
#.........######..#.#.≈.....
###.##.##)........#...≈≈≈≈≈≈
#.##c##).####.............
#.##.....@.##.###.........
#.#####..#........########
#.. .....####.#####
########.####.# #......#
########


You could see a centaur.

Vanquished Creatures
  7 yaks
  A human (D:8)
  Grum (D:8)
  A sky beast (D:7)
  2 ice beasts (D:7)
  2 centaurs
  4 wolves (D:8)
  An ogre (D:5)
  2 phantoms
  A kobold brigand (D:7)
  A bullfrog (D:7)
  3 scorpions
  4 wights (D:6)
  2 howler monkeys
  6 hounds
  2 bombardier beetles (D:5)
  2 jellies (D:5)
  An orc priest (D:3)
  2 gnoll boudas
  A sleepcap (D:8)
  6 iguanas
  An orc wizard (D:6)
  8 gnolls
  7 adders
  A shadow imp (D:7)
  2 ufetubi (D:6)
  3 ribbon worms (D:3)
  3 dart slugs
  9 orcs
  4 endoplasms
  4 giant cockroaches
  4 goblins
  3 hobgoblins
  2 jackals (D:4)
  13 kobolds
  4 quokkas
  9 ball pythons
  7 bats
  6 frilled lizards
  2 goblin skeletons (D:8)
  4 rats
148 creatures vanquished.

Vanquished Creatures (collateral kills)
  Maggie (D:6)
  Grinder (D:6)
2 creatures vanquished.

Grand Total: 150 creatures vanquished

Notes
Turn   | Place    | Note
-------+----------+-------------------------------------------
     0 | D:1      | dovinsCheeto the Minotaur Fighter began the quest for the
                  | Orb.
     0 | D:1      | Reached XP level 1. HP: 19/19 MP: 0/0
   307 | D:1      | Found a faded altar of an unknown god.
   404 | D:1      | Prayed at the altar of an unknown god.
   404 | D:1      | Became a worshipper of Makhleb the Destroyer
   404 | D:1      | Reached * piety under Makhleb
   455 | D:1      | Reached XP level 2. HP: 26/27 MP: 1/1
  2099 | D:2      | Reached XP level 3. HP: 33/33 MP: 2/2
  2408 | D:2      | Found an iron altar of Okawaru.
  3060 | D:3      | Reached ** piety under Makhleb
  3075 | D:3      | Reached XP level 4. HP: 40/40 MP: 3/3
  3161 | D:3      | Found a stormy altar of Qazlal.
  3165 | D:3      | Reached skill level 5 in Maces & Flails
  3765 | D:4      | Reached XP level 5. HP: 37/46 MP: 4/4
  3835 | D:4      | You fall into a shaft and drop 2 floors!
  3861 | D:5      | Entered Level 5 of the Dungeon
  4087 | D:4      | Reached XP level 6. HP: 42/52 MP: 5/5
  4176 | D:4      | Reached skill level 5 in Armour
  4176 | D:4      | Reached skill level 5 in Shields
  4238 | D:4      | Found a shadowy altar of Dithmenos.
  4447 | D:4      | Noticed a yak
  4447 | D:4      | Noticed a yak
  4448 | D:4      | Noticed a yak
  4454 | D:4      | Noticed a yak
  4456 | D:4      | Noticed a yak
  4462 | D:4      | Killed a yak
  4463 | D:4      | Reached XP level 7. HP: 46/58 MP: 6/6
  4464 | D:4      | Noticed a yak
  4481 | D:4      | Killed a yak
  4487 | D:4      | Killed a yak
  4503 | D:4      | Killed a yak
  4504 | D:4      | Reached XP level 8. HP: 57/66 MP: 7/7
  4854 | D:4      | Found a sparkling altar of Nemelex Xobeh.
  4856 | D:4      | Found a hide-covered altar of Uskayaw.
  5718 | D:5      | Found a hazy altar of Hepliaklqana.
  6274 | D:5      | Reached *** piety under Makhleb
  6711 | D:6      | Noticed Maggie
  6726 | D:6      | Killed Maggie
  6727 | D:6      | Reached skill level 5 in Fighting
  6936 | D:6      | Reached XP level 9. HP: 74/74 MP: 8/8
  6943 | D:6      | Reached skill level 1 in Axes
  6945 | D:6      | Identified the +6 dagger of Valour {flame, +Blink rElec
                  | rC+}
  6972 | D:6      | Reached skill level 2 in Axes
  7084 | D:6      | Reached skill level 3 in Axes
  7220 | D:6      | Noticed Grinder
  7227 | D:6      | Reached skill level 4 in Axes
  7237 | D:6      | Noticed a hellwing
  7441 | D:7      | Reached skill level 5 in Axes
  7698 | D:6      | Killed Grinder
  7699 | D:6      | Reached skill level 6 in Axes
  8012 | D:7      | Found a staircase to the Ecumenical Temple.
  8149 | Temple   | Entered the Ecumenical Temple
  8259 | D:7      | Reached skill level 7 in Axes
  8670 | D:7      | Reached skill level 8 in Axes
  8958 | D:8      | Found a runed translucent door.
  8963 | D:8      | Found a basalt altar of Yredelemnul.
  9141 | D:8      | Found an ancient bone altar of Kikubaaqudgha.
  9153 | D:8      | Found a shimmering altar of Xom.
  9294 | D:8      | Found a white marble altar of Elyvilon.
  9431 | D:8      | Noticed Grum
  9455 | D:8      | Reached skill level 9 in Axes
  9529 | D:8      | HP: 2/74 [wolf[Grum] (6)]
  9531 | D:8      | Killed Grum
  9532 | D:8      | Reached skill level 10 in Axes
  9532 | D:8      | Reached XP level 10. HP: 7/81 MP: 9/9
  9549 | D:8      | Shot with an arrow by a centaur

Illustrated notes

Levels and vault maps discovered:
D:1:      dpeg_arrival_radiant, layout_basic,
          shapermc_ecumenical_altar_notcrosses, serial_bayou,
          serial_bayou_lagoon_a, serial_bayou_shore_b, serial_bayou_pond_d,
          serial_bayou_ford_a, serial_bayou_lake_a, serial_bayou_pond_e
D:2:      minmay_skewed_foursquare, layout_basic, basic_altar, st_stairs_6
D:3:      layout_rooms, mainiacjoe_overflow_24_doors
D:4:      minmay_diamond_boxcup, layout_basic, nicolae_overflow_hidden_temple,
          nicolae_titane
D:5:      layout_layer_cave, worldfamousw_hep_ancestral_shrine, minmay_puff
D:6:      layout_rooms, lemuel_flamethrower_2, uniq_maggie, uniq_grinder
D:7:      layout_gridville, minmay_temple_entry_junction
D:8:      layout_loops_cross, nzn_wu_jian_council_hall,
          mainiacjoe_overflow_concentric_impassable,
          mainiacjoe_overflow_small_starburst, dk_yredelemnul_ordeal,
          mainiacjoe_overflow_chevrons, uniq_grum
Temple:   nicolae_temple_bog_church

Skill      XL: |  1  2  3  4  5  6  7  8  9 |
---------------+----------------------------+-----
Armour         | 4 5 6 8 |  8.1
Shields        | 4 5 6 8 |  8.1
Maces & Flails | 3 4 5 6 7 8 9 |  9.2
Fighting       | 5 |  5.0
Axes           | 10 | 10.1

Action                     |  1- 3 |  4- 6 |  7- 9 | 10-12 || total
---------------------------+-------+-------+-------+-------++-------
  Melee: Flail             |   107 |    61 |       |       ||   168
         Headbutt          |    18 |     6 |    29 |       ||    53
         Mace              |       |    23 |    79 |       ||   102
         War axe           |       |       |   118 |       ||   118
  Throw: Stone             |     7 |     4 |       |       ||    11
         Dart              |     2 |     4 |    15 |       ||    21
 Invoke: Minor Destruction |       |    12 |    45 |       ||    57
         Lesser Servant of |       |       |     5 |       ||     5
  Evoke: Wand              |       |       |    16 |       ||    16
    Use: Scroll            |     7 |     4 |    15 |       ||    26
         Potion            |     2 |     4 |    12 |       ||    18
 Armour: Scale mail        |    49 |       |       |       ||    49
         Chain mail        |    11 |    75 |    17 |       ||   103
         Skin              |       |       |    52 |       ||    52
         Ring mail         |       |       |   101 |     4 ||   105
  Dodge: Dodged            |    51 |    41 |    76 |     1 ||   169
  Block: Buckler           |    20 |    37 |    72 |       ||   129
